 Dungeon Crawl Stone Soup version 0.26-a0-720-g2a1d101370 (webtiles) character file.

Game seed: 15657093226357734575

1554362 GordonOverkill the Metallomancer (level 27, 161/161 HPs)
             Began as a Spriggan Ice Elementalist on Nov 2, 2020.
             Escaped with the Orb
             ... and 3 runes!
             The game lasted 03:11:23 (88914 turns).

GordonOverkill the Metallomancer (SpIE)            Turns: 88914, Time: 03:11:24

Health: 161/161    AC: 18    Str: 14    XL:     27
Magic:  76/76      EV: 30    Int: 43    God:
Gold:   6523       SH:  0    Dex: 24    Spells: 10/66 levels left

rFire    + + +     SeeInvis +   A - +3 Elemental Staff {rElec rF++ rC++ MR++ AC+5}
rCold    + . .     Faith    .   (shield currently unavailable)
rNeg     + + .     Spirit   .   O - +3 robe of Folly {Archmagi, MR-- Int+5}
rPois    .         Reflect  .   L - +3 hat of Pondering {ponderous, MR+ MP+10 Int+5}
rElec    +         Harm     .   h - +3 cloak "Dymmoelo" {rElec rF+++ rC- rN+}
rCorr    .         Rampage  .   (gloves unavailable)
MR       +++++                  (boots unavailable)
Stlth    +.........             K - amulet of Amorality {RegenMP Str+9 Int+2}
HPRegen  1.16/turn              d - ring of the Octopus King {MP+9 AC+1 EV+1 Str+1 Int+1 Dex+1}
MPRegen  0.70/turn              M - ring "Zihe" {rN+ MP+9 Int+3 Dex+4}

@: studying Evocations, very quick
A: very small, unfitting armour, hooves 1, see invisible, deterioration 1, speed
3, mutation resistance 1, regeneration 2, electricity resistance
0: Orb of Zot
}: 3/15 runes: decaying, serpentine, silver
a: no special abilities


You escaped.
You visited 10 branches of the dungeon, and saw 50 of its levels.
You also visited: Trove, Gauntlet, Ice Cave and Volcano.

You collected 12781 gold pieces.
You spent 6258 gold pieces at shops.

Inventory:

Hand Weapons
 e - the +9 dagger of Cowardice {holy, rElec rPois rF+ rC-}
   (You bought it in a shop on level 5 of the Vaults)

   It has been blessed by the Shining One to cause great damage to the undead
   and demons.
   It protects you from fire.
   It makes you vulnerable to cold.
   It insulates you from electricity.
   It protects you from poison.
 A - the +3 Elemental Staff (weapon) {rElec rF++ rC++ MR++ AC+5}
   (You bought it in a shop on level 2 of the Orcish Mines)

   It affects your AC (+5).
   It greatly protects you from fire.
   It greatly protects you from cold.
   It insulates you from electricity.
   It affects your resistance to hostile enchantments.
Missiles
 D - 2 throwing nets
 X - 14 curare-tipped darts (quivered)
Armour
 h - the +3 cloak "Dymmoelo" (worn) {rElec rF+++ rC- rN+}
   (You found it on level 3 of the Vaults)

   It renders you almost immune to fire.
   It makes you vulnerable to cold.
   It insulates you from electricity.
   It protects you from negative energy.
 L - the +3 hat of Pondering (worn) {ponderous, MR+ MP+10 Int+5}
   (You took it off Gastronok on level 2 of the Lair of Beasts)

   It affects your intelligence (+5).
   It affects your resistance to hostile enchantments.
   It affects your magic capacity (+10).
 O - the +3 robe of Folly (worn) {Archmagi, MR-- Int+5}
   (You bought it in a shop on level 1 of the Snake Pit)

   It affects your intelligence (+5).
   It affects your resistance to hostile enchantments.
Jewellery
 d - a ring of the Octopus King (left hand) {MP+9 AC+1 EV+1 Str+1 Int+1 Dex+1}
   (You found it on level 4 of the Dungeon)

   [ring of magical power]

   It affects your AC (+1).
   It affects your evasion (+1).
   It affects your strength (+1).
   It affects your intelligence (+1).
   It affects your dexterity (+1).
   It affects your magic capacity (+9).
 F - an uncursed ring of poison resistance
 K - the amulet of Amorality (around neck) {RegenMP Str+9 Int+2}
   (You took it off a deep elf elementalist on level 3 of the Elven Halls)

   [amulet of magic regeneration]

   It increases your magic regeneration.
   It affects your strength (+9).
   It affects your intelligence (+2).
 M - the ring "Zihe" (right hand) {rN+ MP+9 Int+3 Dex+4}
   (You found it in an ice cave)

   [ring of positive energy]

   It affects your intelligence (+3).
   It affects your dexterity (+4).
   It protects you from negative energy.
   It affects your magic capacity (+9).
Wands
 v - a wand of iceblast (50)
 y - a wand of digging (25)
 C - a wand of paralysis (71)
 G - a wand of polymorph (7)
 J - a wand of enslavement (29)
 Q - a wand of acid (52)
Scrolls
 a - 6 scrolls of enchant armour
 b - 38 scrolls of remove curse
 c - 10 scrolls of amnesia
 l - 26 scrolls of teleportation
 o - a scroll of silence
 u - 5 scrolls of immolation
 x - 12 scrolls of fog
 I - 5 scrolls of magic mapping
 P - 24 scrolls of identify
 R - 5 scrolls of fear
 Y - 3 scrolls of holy word
Potions
 f - 7 potions of heal wounds
 i - 4 potions of mutation
 j - 10 potions of flight
 k - 23 potions of curing
 m - 8 potions of might
 n - 3 potions of resistance
 p - 8 potions of brilliance
 q - 4 potions of cancellation
 r - 7 potions of magic
 t - 16 potions of ambrosia
 w - a potion of berserk rage
 z - 7 potions of haste
 B - 6 potions of stabbing
Books
 s - a manual of Evocations
Miscellaneous
 N - a condenser vane (2/2)
 V - a box of beasts (3/3)
 Z - a tin of tremorstones (3/3)


   Skills:
 - Level 22.0 Fighting
 - Level 5.0 Short Blades
 - Level 10.0 Dodging
 - Level 3.0 Stealth
   Level 8.0 Shields
 - Level 20.0 Spellcasting
 - Level 11.0 Conjurations
 - Level 11.0 Summonings
 - Level 4.0 Necromancy
 + Level 20.4 Ice Magic
 - Level 22.0 Earth Magic
 - Level 17.0 Evocations


You had 10 spell levels left.
You knew the following spells:

 Your Spells              Type           Power        Failure   Level
a - Ozocubu's Refrigerat  Ice            #########.   1%          6
b - Frozen Ramparts       Ice            ######       0%          3
c - Hailstorm             Conj/Ice       ########     0%          4
d - Shatter               Erth           #########.   6%          9
e - Iron Shot             Conj/Erth      #########.   1%          6
f - Borgnjor's Vile Clut  Necr/Erth      ########..   1%          5
g - Spellforged Servitor  Conj/Summ      ########..   4%          7
h - Passwall              Tmut/Erth      ########     0%          2
i - Bolt of Magma         Conj/Fire/Erth #########.   1%          5
j - Absolute Zero         Ice            #########.   12%         9

Your spell library contained the following spells:

 Spells                   Type           Power        Failure   Level
 Freeze                   Ice            ####         0%          1
 Magic Dart               Conj           ####         0%          1
 Sandblast                Erth           ######       0%          1
 Summon Small Mammal      Summ           ####         0%          1
 Call Imp                 Summ           ########     0%          2
 Searing Ray              Conj           ######       0%          2
 Call Canine Familiar     Summ           ########     0%          3
 Ozocubu's Armour         Ice            ########     0%          3
 Stone Arrow              Conj/Erth      ######       0%          3
 Summon Ice Beast         Ice/Summ       ########     0%          4
 Lee's Rapid Deconstruct  Erth           #########.   0%          5
 Animate Skeleton         Necr           ######       1%          1
 Apportation              Tloc           ######       1%          1
 Beastly Appendage        Tmut           ######       1%          1
 Corona                   Hex            ######.      1%          1
 Foxfire                  Conj/Fire      ####         1%          1
 Pain                     Necr           ####         1%          1
 Shock                    Conj/Air       ####         1%          1
 Blink                    Tloc           N/A          1%          2
 Corpse Rot               Necr/Air       N/A          1%          2
 Poisonous Vapours        Pois/Air       ######       1%          2
 Slow                     Hex            ######..     1%          2
 Sublimation of Blood     Necr           #######...   1%          2
 Swiftness                Air            #######.     1%          2
 Wereblood                Tmut           ######..     1%          2
 Confusing Touch          Hex            ######..     1%          3
 Conjure Flame            Conj/Fire      ########     1%          3
 Dazzling Flash           Conj/Hex       ######       1%          3
 Gell's Gravitas          Tloc           ######....   1%          3
 Ignite Poison            Fire/Tmut/Pois #######.     1%          3
 Inner Flame              Hex/Fire       #######.     1%          3
 Lesser Beckoning         Tloc           ######....   1%          3
 Mephitic Cloud           Conj/Pois/Air  ########     1%          3
 Portal Projectile        Hex/Tloc       ######       1%          3
 Spider Form              Tmut/Pois      ######....   1%          3
 Static Discharge         Conj/Air       ########     1%          3
 Summon Guardian Golem    Hex/Summ       #######.     1%          3
 Tukima's Dance           Hex            ######..     1%          3
 Vampiric Draining        Necr           #######...   1%          3
 Animate Dead             Necr           #######...   1%          4
 Fulminant Prism          Conj/Hex       #######...   1%          4
 Ice Form                 Ice/Tmut       ########     1%          4
 Iskenderun's Mystic Bla  Conj/Tloc      #######.     1%          4
 Leda's Liquefaction      Hex/Erth       ########..   1%          4
 Petrify                  Tmut/Erth      ########     1%          4
 Sticky Flame             Conj/Fire      ########     1%          4
 Summon Lightning Spire   Summ/Air       ########     1%          4
 Fireball                 Conj/Fire      ########..   1%          5
 Irradiate                Conj/Tmut      #######...   1%          5
 Iskenderun's Battlesphe  Conj           ########     1%          5
 Lightning Bolt           Conj/Air       ########..   1%          5
 Metabolic Englaciation   Hex/Ice        ########..   1%          5
 Summon Demon             Summ           ########..   1%          5
 Summon Forest            Summ/Tloc      #######...   1%          5
 Summon Mana Viper        Hex/Summ       #######.     1%          5
 Freezing Cloud           Conj/Ice/Air   #########.   1%          6
 Shadow Creatures         Summ           N/A          1%          6
 Simulacrum               Ice/Necr       ########..   1%          6
 Statue Form              Tmut/Erth      ########.    1%          6
 Agony                    Necr           #######.     2%          5
 Lehudib's Crystal Spear  Conj/Erth      #########.   3%          8
 Airstrike                Air            #######...   4%          4
 Cause Fear               Hex            ######....   4%          4
 Olgreb's Toxic Radiance  Pois           ######..     4%          4
 Orb of Destruction       Conj           ########..   4%          7
 Summon Hydra             Summ           ########..   4%          7
 Conjure Ball Lightning   Conj/Air       ########..   9%          6
 Starburst                Conj/Fire      ########..   9%          6
 Alistair's Intoxication  Tmut/Pois      ######...    14%         5
 Blade Hands              Tmut           ######....   14%         5
 Silence                  Hex/Air        #######...   14%         5
 Yara's Violent Unravell  Hex/Tmut       ######....   14%         5
 Death Channel            Necr           #######...   16%         6
 Haunt                    Necr/Summ      ########..   21%         7
 Malign Gateway           Summ/Tloc      #######...   41%         7
 Eringya's Noxious Bog    Tmut/Pois      ######....   61%         6
 Hydra Form               Tmut           ######....   61%         6
 Invisibility             Hex            ######..     61%         6
 Chain Lightning          Conj/Air       ########..   98%         8
 Dragon Form              Tmut           ######....   99%         7
 Dragon's Call            Summ           ########..   99%         9
 Discord                  Hex            ######....   100%        8
 Ignition                 Fire           #######...   100%        8
 Fire Storm               Conj/Fire      ########..   100%        9
 Tornado                  Air            #######...   100%        9


Dungeon Overview and Level Annotations

Branches:
Dungeon (15/15)            Temple (1/1) D:7            Lair (6/6) D:10
  Swamp (4/4) Lair:2        Snake (4/4) Lair:4        Slime (0/5) Lair:6
    Orc (2/2) D:10            Elf (3/3) Orc:2        Vaults (5/5) D:14
  Crypt (0/3) Vaults:2     Depths (5/5) D:15            Zot (5/5) Depths:5
  IceCv (visited)         Volcano (visited)         Gauntlet (visited)

Altars:
Ashenzari
Cheibriados
Dithmenos
Elyvilon
Fedhas
Gozag
Hepliaklqana
Kikubaaqudgha
Makhleb
Nemelex Xobeh
Okawaru
Qazlal
Ru
Sif Muna
Trog
Uskayaw
Vehumet
Wu Jian
Xom
Yredelemnul
Zin
The Shining One
Beogh

Shops:
D:10 (=}(!   D:11 !   Orc:2 =(*(   Snake:1 [}?=   Vaults:1 [   Vaults:3 (
Vaults:5 *((=[=   Depths:4 !

Portals:
Hell: Depths:1 Depths:2 Depths:3 Depths:4 Depths:5
Abyss: Depths:4 Depths:5
Pandemonium: Depths:2 Depths:3
Ziggurat: Depths:2


Innate Abilities, Weirdness & Mutations

You are very small and have problems with some larger weapons.
You are too small for most types of armour.
You have supernaturally acute eyesight. (SInv)
You cover ground extremely quickly.
You have large cloven feet.
Your body sometimes deteriorates upon taking damage.
You are somewhat resistant to further mutation.
You heal very quickly.
You are resistant to electric shocks. (rElec)


Message History

There is an escape hatch in the ceiling here.
A mysterious force pulls you upwards. The hatch slams shut behind you.
There is a stone staircase leading up here.
You climb upwards.
There is a stone staircase leading down here.
You see here a +1 dagger.
There is an open door here.
There is a stone staircase leading up here.
You climb upwards.
There is a stone staircase leading down here.
There is a stone staircase leading up here.
You climb upwards.
There is a stone staircase leading down here.
There is a stone staircase leading up here.
You climb upwards.
There is a stone staircase leading down here.
There is a large open door here.
There is a staircase leading out of the dungeon here.
Unknown command.
You have escaped!

........#.##.# ##.........##
######.##.##.#
#.#.........#### ####.##)#
##.####......... #.##)# #.#
#..#..####
#########..#############..#..#
#
...........##.......#.....#..#
#
.######....#.#8####.#.##.....#
# .# #.####.##....##.##.##.##
# .# #.#
#.##.@.###.......#####
.######.# #.##...#
#.##......... .....†..#
##.##.## #.##.########
######### ##''### #.##.#
#..#.# #.##.# #.##.# #.##.#
#....# #.##.########
##.#####.#.......... #.#
#.......######


There were no monsters in sight!

Vanquished Creatures
  6 ancient liches
  4 orbs of fire
  3 Killer Klowns (Zot:5)
  Xtahua (Depths:4)
  Frederick (Vaults:1)
  6 caustic shrikes
  2 curse toes
  9 golden dragons
  A profane servitor (Zot:3)
  Nikola (Snake:3)
  the Enchantress (Depths:1)
  3 liches
  18 tentacled monstrosities
  3 electric golems
  25 Orb Guardians (Zot:5)
  A Hell Sentinel (D:11)
  Asterion (Vaults:1)
  A deep elf blademaster (Elf:3)
  4 quicksilver dragons
  2 titans (Vaults:5)
  2 deep elf master archers (Elf:3)
  Frances (D:12)
  9 sphinxes
  Agnes (D:15)
  3 thorn hunters
  15 storm dragons
  8 draconian monks
  9 death cobs
  5 shadow dragons
  Donald (Vaults:3)
  10 tengu reavers
  13 fire giants
  8 frost giants
  4 draconian knights
  10 deep elf sorcerers
  8 nagarajas
  11 vault wardens
  A caustic shrike zombie (Depths:4)
  3 ghost moths
  Aizul (Snake:2)
  An iron dragon (Vaults:5)
  6 draconian annihilators
  6 deep elf elementalists
  6 draconian scorchers
  5 draconian shifters
  An orc warlord (D:10)
  14 ironheart preservers
  17 stone giants
  7 spriggan defenders
  5 draconian stormcallers
  A war gargoyle (Vaults:5)
  3 entropy weavers
  9 deep elf demonologists
  11 black draconians
  2 minotaurs
  21 very ugly things
  11 yellow draconians
  10 purple draconians
  Nessos (Orc:2)
  10 white draconians
  Azrael (D:14)
  16 red draconians
  9 green draconians
  3 vampire knights
  11 deep elf annihilators
  4 spark wasps (Depths:1)
  2 dire elephants (Lair:6)
  13 ettins
  A fire dragon (shapeshifter) (Vaults:5)
  22 fire dragons
  15 great orbs of eyes
  8 deep elf death magi
  7 rakshasas
  Fannar (D:11)
  11 yaktaur captains
  Harold (D:8)
  Erolcha (D:11)
  14 naga warriors
  7 deep elf high priests (Elf:3)
  2 monstrous demonspawn (D:15)
  10 ice dragons
  7 spriggan air magi
  32 hydras
  A hell beast (Depths:2)
  2 boulder beetles
  28 vault guards
  2 death knights
  A catoblepas (Lair:6)
  Erica (D:10)
  3 ghost crabs (Swamp:4)
  13 anacondas
  14 centaur warriors
  18 ogre magi
  7 tengu warriors
  The ghost of Suzat the Basher, a novice MiBe of Trog (D:13)
  13 alligators
  A queen ant (shapeshifter) (Vaults:5)
  27 dancing weapons
  60 two-headed ogres
  5 death yaks (Lair:6)
  4 shambling mangroves
  7 spriggan berserkers
  11 deep troll shamans
  2 vampire magi
  23 deep elf knights
  7 orc high priests
  9 deep troll earth magi
  2 sun demons
  6 shock serpents
  8 spriggans
  A soul eater (Depths:2)
  14 naga sharpshooters
  Sonja (D:13)
  A sixfirhy (Depths:2)
  A golden dragon zombie (Depths:4)
  2 salamander mystics
  2 iron trolls
  2 sea snakes (Snake:3)
  A hell knight (Vaults:5)
  4 flayed ghosts
  A shadow wraith (Vaults:2)
  A skeletal warrior (Vaults:1)
  A spriggan druid (Swamp:2)
  15 glowing orange brains
  2 gelid demonspawn
  3 obsidian statues
  31 deep trolls
  5 phantasmal warriors
  7 unseen horrors
  7 harpies
  7 wizards
  9 naga ritualists
  19 deep elf archers
  13 swamp dragons
  11 mana vipers
  An orange crystal statue (Zot:5)
  6 necromancers
  13 orc knights
  6 orc sorcerers
  34 ugly things
  A sphinx zombie (Depths:2)
  8 ironbrand convokers
  5 wolf spiders
  A wolf spider zombie (D:13)
  10 salamanders
  14 cyclopes
  79 deep elf magi
  2 sphinx skeletons
  19 moths of wrath
  8 manticores
  A fire giant skeleton (Depths:2)
  A moth of wrath (shapeshifter) (Vaults:3)
  16 vault sentinels
  4 guardian serpents
  Psyche (D:12)
  10 elephants
  A frost giant skeleton (Depths:4)
  3 ice statues
  21 naga magi
  A torpor snail (Lair:3)
  35 black mambas
  2 molten gargoyles (Volcano)
  3 gargoyles
  13 cane toads
  A smoke demon (D:13)
  A hellion (Depths:1)
  A demonic crawler (D:15)
  A small abomination (Elf:3)
  5 rime drakes
  A minotaur zombie (Gauntlet)
  4 ice devils
  11 freezing wraiths
  9 komodo dragons
  32 yaktaurs
  2 merfolk (shapeshifter)
  7 tengu conjurers
  2 red devils (Depths:1)
  A queen bee (shapeshifter) (D:13)
  17 trolls
  A jumping spider (shapeshifter) (Vaults:4)
  12 tyrant leeches
  2 jumping spiders
  3 polar bears
  A hornet (shapeshifter) (D:14)
  15 hornets
  65 slime creatures
  6 bog bodies
  A fire giant simulacrum (Depths:2)
  25 blink frogs
  A frost giant simulacrum (Depths:2)
  A human simulacrum (Vaults:1)
  7 dream sheep
  2 spriggans (shapeshifter)
  A tarantella (shapeshifter) (Vaults:5)
  8 redbacks
  2 tarantellas
  4 shadows
  3 air elementals
  2 wraiths (D:14)
  A ynoxinul (D:13)
  A large abomination (D:13)
  A nameless horror (D:4)
  30 yaks
  5 fire elementals
  2 yaks (shapeshifter)
  6 wyverns
  5 water elementals
  5 basilisks
  A neqoxec (D:13)
  A fire bat (Volcano)
  A golden eye (shapeshifter) (Vaults:5)
  A chaos spawn (D:13)
  A steam dragon (D:7)
  Edmund (D:6)
  13 vampire mosquitoes
  79 nagas
  8 wargs
  A swamp worm (shapeshifter) (Vaults:5)
  An acid dragon (Vaults:1)
  9 insubstantial wisps
  8 swamp worms
  6 hell hounds
  10 water moccasins
  A floating eye (Depths:5)
  45 orc warriors
  26 ice beasts
  6 black bears
  11 swamp drakes
  An ettin simulacrum (Vaults:2)
  6 sky beasts
  50 ogres
  An eye of draining (Depths:3)
  2 eyes of draining (shapeshifter)
  13 boggarts
  A centaur (shapeshifter) (D:15)
  A wolf (shapeshifter) (Depths:5)
  26 wolves
  37 centaurs
  2 big kobolds
  23 bullfrogs
  3 earth elementals
  A glowing shapeshifter simulacrum (Depths:4)
  8 scorpions
  30 killer bees
  22 wights
  5 electric eels (D:11)
  5 howler monkeys
  A bullfrog zombie (D:5)
  2 centaur zombies
  2 crimson imps (D:13)
  3 lava snakes (Volcano)
  2 quasits (D:13)
  8 centaur skeletons
  42 orc priests
  5 bullfrog skeletons
  8 hounds
  An iron imp (D:13)
  2 jellies
  37 orc wizards
  5 iguanas
  Jessica (D:2)
  A worker ant (shapeshifter) (Vaults:5)
  9 worker ants
  2 worker ant zombies
  10 adders
  6 gnolls
  4 shadow imps
  2 white imps
  2 ufetubi
  An ooze (D:2)
  2 adder skeletons
  2 worms
  3 dart slugs
  4 leopard geckos
  89 orcs
  A giant cockroach (shapeshifter) (Vaults:5)
  5 giant cockroaches
  4 hobgoblins
  7 jackals
  14 kobolds
  3 ball pythons
  8 bats
  4 frilled lizards
  A giant cockroach zombie (D:5)
  5 goblins
  A leopard gecko zombie (D:7)
  9 rats
  5 crawling corpses (Elf:3)
  14 plants (Zot:3)
2434 creatures vanquished.

Vanquished Creatures (collateral kills)
  Gastronok (Lair:2)
  Snorg (D:11)
  4 hydras
  A two-headed ogre (D:9)
  A hell knight (Volcano)
  A lindwurm (Lair:4)
  An ugly thing (Volcano)
  2 elephants (Lair:6)
  2 black mambas
  2 rime drakes (Lair:6)
  A freezing wraith (Lair:3)
  A komodo dragon (Lair:5)
  A queen bee (Lair:1)
  A polar bear (Lair:6)
  2 dream sheep (Lair:4)
  2 wraiths (D:12)
  2 basilisks
  3 yaks (D:9)
  Menkaure (D:6)
  A steam dragon (Lair:4)
  2 water moccasins
  4 ice beasts
  An eye of draining (D:12)
  A necrophage (D:10)
  An ogre (D:12)
  2 bullfrogs
  3 killer bees (Lair:1)
  A wight (D:6)
  A centaur skeleton (D:12)
  A bullfrog skeleton (D:4)
  An iguana (D:11)
  A shadow imp (D:6)
  A white imp (Lair:3)
  An ufetubus (D:5)
  An adder skeleton (D:6)
53 creatures vanquished.

Vanquished Creatures (others)
  A death cob (Zot:2)
  44 fungi
  71 plants
116 creatures vanquished.

Grand Total: 2603 creatures vanquished

Notes
Turn   | Place    | Note
-------+----------+-------------------------------------------
     0 | D:1      | GordonOverkill the Spriggan Ice Elementalist began the
                  | quest for the Orb.
     0 | D:1      | Reached XP level 1. HP: 9/9 MP: 5/5
   482 | D:1      | Reached XP level 2. HP: 14/14 MP: 0/7
  1227 | D:2      | Noticed Jessica
  1234 | D:2      | Killed Jessica
  1234 | D:2      | Reached skill level 1 in Fighting
  1234 | D:2      | Reached XP level 3. HP: 18/18 MP: 9/9
  1240 | D:2      | Learned a level 3 spell: Frozen Ramparts
  1260 | D:2      | Reached XP level 4. HP: 13/22 MP: 3/10
  2563 | D:3      | Reached XP level 5. HP: 26/26 MP: 4/12
  3015 | D:3      | Found a hazy altar of Hepliaklqana.
  3177 | D:3      | Found a shimmering altar of Xom.
  3178 | D:3      | Noticed a spectral ugly thing
  3287 | D:3      | Found a faded altar of an unknown god.
  3605 | D:4      | Found an ornate altar of the Wu Jian Council.
  3791 | D:3      | Learned a level 4 spell: Hailstorm
  3796 | D:3      | Learned a level 4 spell: Summon Ice Beast
  4192 | D:4      | Reached XP level 6. HP: 32/32 MP: 14/14
  4346 | D:4      | Found a white marble altar of Elyvilon.
  4389 | D:4      | Reached skill level 5 in Spellcasting
  4671 | D:4      | Found a bloodstained altar of Trog.
  4702 | D:4      | Found the ring of the Octopus King
  4758 | D:4      | Got a ring of the Octopus King
  4759 | D:4      | Identified a ring of the Octopus King {MP+9 AC+1 EV+1 Str+1
                  | Int+1 Dex+1} (You found it on level 4 of the Dungeon)
  4881 | D:4      | Reached XP level 7. HP: 36/36 MP: 16/16
  5085 | D:5      | Entered Level 5 of the Dungeon
  5337 | D:5      | Reached skill level 5 in Ice Magic
  5786 | D:5      | Noticed a nameless horror
  5994 | D:4      | Killed a nameless horror
  6278 | D:5      | Found a shadowy altar of Dithmenos.
  6278 | D:5      | Found a shimmering blue altar of Sif Muna.
  6836 | D:6      | Reached skill level 1 in Summonings
  6866 | D:6      | Reached skill level 1 in Conjurations
  7056 | D:6      | Reached XP level 8. HP: 42/42 MP: 17/18
  7898 | D:6      | Noticed Menkaure
  7906 | D:6      | Killed Menkaure
  8188 | D:6      | Noticed Edmund
  8217 | D:6      | Killed Edmund
  8674 | D:7      | Found a staircase to the Ecumenical Temple.
  8724 | Temple   | Entered the Ecumenical Temple
  8946 | D:7      | Reached XP level 9. HP: 46/46 MP: 21/21
  8992 | D:7      | Reached skill level 1 in Short Blades
  9103 | D:7      | Found a radiant altar of Vehumet.
  9222 | D:7      | Reached skill level 5 in Fighting
  9841 | D:8      | Found a hide-covered altar of Uskayaw.
 10262 | D:8      | Noticed Harold
 10285 | D:8      | Killed Harold
 10639 | D:8      | Gained mutation: Your natural rate of healing is unusually
                  | fast. [potion of mutation]
 10639 | D:8      | Gained mutation: Your mind is acute. (Int +2) [potion of
                  | mutation]
 10734 | D:9      | Reached skill level 1 in Evocations
 10734 | D:9      | Reached XP level 10. HP: 41/51 MP: 14/24
 10738 | D:9      | Reached skill level 5 in Short Blades
 11015 | D:9      | Reached skill level 10 in Spellcasting
 11072 | D:9      | Noticed a two-headed ogre
 11085 | D:9      | Killed a two-headed ogre
 11411 | D:9      | Reached skill level 5 in Evocations
 11666 | D:10     | Entered Level 10 of the Dungeon
 11692 | D:10     | Noticed Erica
 11713 | D:10     | Found Semuqom's Antique Weapon Boutique.
 11776 | D:10     | Killed Erica
 11991 | D:10     | Found Pifoss's Gadget Shop.
 11997 | D:10     | Found Gigiyroi's Antique Weapon Shoppe.
 12038 | D:10     | Found Mahad's Jewellery Shop.
 12086 | D:10     | Found Osopre Kicu's Distillery.
 12088 | D:10     | Found a staircase to the Orcish Mines.
 12127 | D:10     | Found a roughly hewn altar of Beogh.
 12289 | D:10     | Found a staircase to the Lair.
 12418 | D:11     | Noticed Erolcha
 12425 | D:11     | Noticed an eight-headed hydra
 12434 | D:11     | Killed an eight-headed hydra
 12434 | D:11     | Reached XP level 11. HP: 54/55 MP: 13/26
 12443 | D:11     | Killed Erolcha
 12443 | D:11     | Reached skill level 10 in Ice Magic
 12736 | D:11     | Noticed a centaur warrior
 12743 | D:11     | Killed a centaur warrior
 12823 | D:11     | Found a sparkling altar of Nemelex Xobeh.
 12859 | D:11     | Noticed Snorg
 12866 | D:11     | Killed Snorg
 13709 | D:11     | Noticed Fannar
 13764 | Lair:1   | Entered Level 1 of the Lair of Beasts
 13827 | Lair:1   | Noticed an eight-headed hydra
 13834 | Lair:1   | Killed an eight-headed hydra
 14360 | Lair:1   | Found a dark tunnel.
 14365 | Volcano  | Entered a volcano
 14650 | Volcano  | Found a burning altar of Makhleb.
 14650 | Volcano  | Noticed a red ugly thing
 14650 | Volcano  | Noticed a red ugly thing
 14650 | Volcano  | Noticed a sun demon
 14650 | Volcano  | Noticed a red ugly thing
 14658 | Volcano  | Killed a sun demon
 14658 | Volcano  | Reached XP level 12. HP: 62/62 MP: 26/28
 15935 | Lair:2   | Found a staircase to the Swamp.
 15984 | Lair:2   | Learned a level 6 spell: Iron Shot
 16068 | Lair:2   | Noticed a seven-headed hydra
 16076 | Lair:2   | Killed a seven-headed hydra
 16076 | Lair:2   | Reached skill level 1 in Earth Magic
 17078 | Lair:2   | Noticed Gastronok
 17101 | Lair:2   | Killed Gastronok
 18582 | Lair:3   | Reached skill level 5 in Earth Magic
 18647 | Lair:4   | Reached XP level 13. HP: 68/68 MP: 30/30
 18729 | Lair:4   | Reached skill level 1 in Shields
 18984 | Lair:4   | Found a staircase to the Snake Pit.
 20286 | Lair:5   | Reached skill level 5 in Conjurations
 21007 | Lair:6   | Entered Level 6 of the Lair of Beasts
 21007 | Lair:6   | Noticed a dire elephant
 21062 | Lair:6   | Identified a scroll of acquirement
 21062 | Lair:6   | Acquired 997 gold pieces
 21513 | Lair:6   | Reached XP level 14. HP: 74/74 MP: 25/31
 21563 | Lair:6   | Reached skill level 5 in Shields
 21603 | Lair:6   | Found a frozen archway.
 21612 | IceCv    | Entered an ice cave
 22917 | IceCv    | Got a transparent jade ring
 22920 | IceCv    | Identified the ring "Zihe" {rN+ MP+9 Int+3 Dex+4} (You
                  | found it in an ice cave)
 23669 | Lair:6   | Found a staircase to the Slime Pits.
 25083 | D:12     | Noticed Frances
 25094 | D:12     | Killed Frances
 25094 | D:12     | Reached skill level 10 in Earth Magic
 25703 | D:12     | Noticed Psyche
 25708 | D:12     | Killed Psyche
 25914 | D:13     | Noticed Suzat's ghost (novice MiBe)
 25929 | D:13     | Found a runed translucent gate.
 25929 | D:13     | Found a runed translucent gate.
 25929 | D:13     | Found a runed translucent gate.
 26119 | D:13     | Found a gate leading to a gauntlet.
 26129 | Gauntlet | Entered a Gauntlet
 26129 | Gauntlet | Found a transporter.
 26129 | Gauntlet | Found a transporter.
 26129 | Gauntlet | Found a transporter.
 26206 | Gauntlet | Found a transporter.
 26209 | Gauntlet | Found a transporter.
 26219 | Gauntlet | Found a transporter.
 26286 | Gauntlet | Found a transporter.
 26296 | Gauntlet | Found a transporter.
 26311 | Gauntlet | Found a transporter.
 26323 | Gauntlet | Found a transporter.
 26336 | Gauntlet | Found a transporter.
 26342 | Gauntlet | Found a transporter.
 26669 | Gauntlet | Gained mutation: Your mind is very acute. (Int +4)
                  | [mutagenic glow]
 27049 | D:13     | Noticed Sonja
 27058 | D:13     | Killed Sonja
 27416 | D:13     | Reached XP level 15. HP: 62/79 MP: 23/32
 28426 | D:14     | Got a faintly glowing robe
 28427 | D:14     | Identified the +4 robe of Weepane {rElec} (You found it on
                  | level 14 of the Dungeon)
 28469 | D:14     | Found an opulent altar of Gozag.
 28542 | D:14     | Noticed Azrael
 28753 | Orc:1    | Entered Level 1 of the Orcish Mines
 28791 | Orc:1    | Noticed an orc warlord
 28992 | D:10     | Killed an orc warlord
 29717 | Orc:2    | Entered Level 2 of the Orcish Mines
 30703 | Orc:2    | Found a staircase to the Elven Halls.
 30881 | Orc:2    | Noticed Nessos
 30888 | Orc:2    | Killed Nessos
 30894 | Orc:2    | Found a roughly hewn altar of Beogh.
 32004 | Orc:2    | Found Tibas's Jewellery Boutique.
 32004 | Orc:2    | Found Mouk's Assorted Antiques.
 32009 | Orc:2    | Found Uvuggeh's Weapon Shop.
 32011 | Orc:2    | Found Tismomok's Weapon Boutique.
 32016 | Orc:2    | Bought a scroll of teleportation for 90 gold pieces
 32016 | Orc:2    | Bought a runed buckler for 225 gold pieces
 32016 | Orc:2    | Bought a wand of acid (8) for 240 gold pieces
 32016 | Orc:2    | Bought a potion of brilliance for 120 gold pieces
 32016 | Orc:2    | Bought a wand of paralysis (4) for 60 gold pieces
 32228 | Orc:2    | Bought the +3 Elemental Staff {rElec rF++ rC++ MR++ AC+5}
                  | for 1233 gold pieces
 32228 | Orc:2    | Found the +3 Elemental Staff {rElec rF++ rC++ MR++ AC+5}
 32242 | Orc:2    | Learned a level 5 spell: Borgnjor's Vile Clutch
 32335 | Elf:1    | Entered Level 1 of the Elven Halls
 32342 | Elf:1    | Reached skill level 1 in Necromancy
 33101 | Elf:1    | Reached skill level 15 in Earth Magic
 33946 | Elf:2    | Reached XP level 16. HP: 84/84 MP: 33/33
 34738 | Elf:2    | Found a runed translucent gate.
 34738 | Elf:2    | Found a runed translucent gate.
 34738 | Elf:2    | Found a runed translucent gate.
 35880 | Elf:2    | Reached skill level 10 in Fighting
 36745 | Elf:3    | Entered Level 3 of the Elven Halls
 37216 | Elf:3    | Found a radiant altar of Vehumet.
 38533 | Elf:3    | Reached XP level 17. HP: 91/91 MP: 36/36
 38908 | Elf:3    | Noticed a deep elf master archer
 38908 | Elf:3    | Identified the amulet of Amorality {RegenMP Str+9 Int+2}
 38933 | Elf:3    | Killed a deep elf master archer
 39517 | Elf:3    | Reached skill level 15 in Spellcasting
 39619 | Elf:3    | Identified the +11 crystal plate armour "Rudap" {Regen+}
 39619 | Elf:3    | Identified the ring of Jutarph {MP+9 Int+2 Stlth-}
 39770 | Elf:3    | Identified the +8 whip of Ogaqim {flame, Dex+4}
 39777 | Elf:3    | Noticed an Ice Fiend
 39841 | Elf:3    | Reached skill level 10 in Conjurations
 39925 | Elf:3    | Identified the amulet of Unuymeha {Acrobat MR+}
 39925 | Elf:3    | Noticed a deep elf master archer
 40110 | Elf:3    | Killed a deep elf master archer
 40219 | Elf:3    | Identified the +9 halberd of Laceration {vorpal, Int+2
                  | Stlth+}
 40311 | Elf:3    | Noticed a deep elf blademaster
 40331 | Elf:3    | Killed a deep elf blademaster
 41255 | Elf:3    | Identified Wedif's Catalogue of Black Rituals and the
                  | Snowflakes
 41282 | Elf:3    | Identified the Guide on Destructive Displacement
 41843 | Swamp:1  | Entered Level 1 of the Swamp
 41965 | Swamp:1  | Reached skill level 5 in Dodging
 42884 | Swamp:2  | Paralysed by a hornet for 3 turns
 43812 | Swamp:2  | Learned a level 7 spell: Spellforged Servitor
 44156 | Swamp:3  | Reached XP level 18. HP: 98/98 MP: 38/38
 44903 | Swamp:4  | Entered Level 4 of the Swamp
 46805 | Swamp:4  | Got a decaying rune of Zot
 46846 | Swamp:4  | Reached skill level 5 in Summonings
 47129 | Swamp:4  | Learned a level 2 spell: Passwall
 47135 | Swamp:4  | Learned a level 5 spell: Bolt of Magma
 47280 | Snake:1  | Entered Level 1 of the Snake Pit
 47295 | Snake:1  | Reached skill level 10 in Dodging
 47751 | Snake:1  | Found Gevay's Antique Armour Shoppe.
 47844 | Snake:1  | Found Pircha's Magic Scroll Emporium.
 47844 | Snake:1  | Found Zagg's Gadget Shoppe.
 47867 | Snake:1  | Bought the +3 robe of Folly {Archmagi, MR-- Int+5} for 2106
                  | gold pieces
 47867 | Snake:1  | Found the +3 robe of Folly {Archmagi, MR-- Int+5}
 47883 | Snake:1  | Found Beotyubb's Jewellery Emporium.
 47886 | Snake:1  | Bought a wand of digging (8) for 312 gold pieces
 47886 | Snake:1  | Bought a wand of digging (5) for 234 gold pieces
 47893 | Snake:1  | Bought 2 scrolls of magic mapping for 119 gold pieces
 47893 | Snake:1  | Bought a scroll of teleportation for 51 gold pieces
 47893 | Snake:1  | Bought a scroll of amnesia for 59 gold pieces
 48620 | Snake:2  | Noticed Aizul
 48627 | Snake:2  | Killed Aizul
 49622 | Snake:3  | Reached XP level 19. HP: 79/104 MP: 29/41
 50110 | Snake:3  | Identified the +4 barding of Masochism {MP+9}
 50246 | Snake:3  | Noticed Nikola
 50251 | Snake:3  | Killed Nikola
 50836 | Snake:4  | Entered Level 4 of the Snake Pit
 51386 | Snake:4  | Found an opulent altar of Gozag.
 53426 | Snake:4  | Got a serpentine rune of Zot
 53592 | Snake:4  | Learned a level 6 spell: Ozocubu's Refrigeration
 53901 | D:11     | Found Xuorrau's Distillery.
 53907 | D:11     | Bought a potion of curing for 36 gold pieces
 53907 | D:11     | Bought a potion of resistance for 120 gold pieces
 53907 | D:11     | Bought a potion of curing for 36 gold pieces
 53907 | D:11     | Bought a potion of brilliance for 48 gold pieces
 54309 | D:14     | Found a gate to the Vaults.
 54794 | D:14     | Killed Azrael
 55214 | D:15     | Entered Level 15 of the Dungeon
 55302 | D:15     | Found a portal to a secret trove of treasure.
 55354 | D:15     | Found a bloodstained altar of Trog.
 55389 | D:15     | You paid a toll of 3 potions of resistance to enter a
                  | treasure trove
 55390 | Trove    | Entered a treasure trove
 55433 | Trove    | Identified Wuinomib's Catalogue of Creation
 55443 | Trove    | Identified the Grimoire of Cloudy Hexes
 55657 | D:15     | Found a basalt altar of Yredelemnul.
 55840 | D:15     | Noticed Agnes
 55843 | D:15     | Reached XP level 20. HP: 111/111 MP: 43/43
 55845 | D:15     | Killed Agnes
 55845 | D:15     | Reached skill level 10 in Summonings
 56098 | D:15     | Found a staircase to the Depths.
 56334 | Vaults:1 | Entered Level 1 of the Vaults
 57710 | Vaults:1 | Found Ogreivos's Armour Emporium.
 57729 | Vaults:1 | Noticed Frederick
 57734 | Vaults:1 | Noticed Asterion
 57739 | Vaults:1 | Killed Frederick
 57742 | Vaults:1 | Killed Asterion
 57920 | Vaults:1 | Reached skill level 15 in Fighting
 58826 | Vaults:2 | Reached XP level 21. HP: 117/117 MP: 34/45
 59292 | Vaults:2 | Found a staircase to the Crypt.
 59808 | Vaults:3 | Reached skill level 15 in Ice Magic
 60524 | Vaults:3 | Found a transporter.
 60525 | Vaults:3 | Found a radiant altar of Vehumet.
 60527 | Vaults:3 | Noticed Donald
 60533 | Vaults:3 | Killed Donald
 61107 | Vaults:3 | Found Hohas's Antique Weapon Emporium.
 61630 | Vaults:3 | Found a transporter.
 61742 | Vaults:3 | Got a distressingly furry cloak
 61743 | Vaults:3 | Identified the +3 cloak "Dymmoelo" {rElec rF+++ rC- rN+}
                  | (You found it on level 3 of the Vaults)
 62033 | D:11     | Found a sparkling altar of Nemelex Xobeh.
 62070 | D:11     | Killed Fannar
 62142 | D:11     | Found Xuorrau's Distillery.
 62787 | D:13     | Killed Suzat's ghost
 62874 | D:13     | Got a smoking granite ring
 62875 | D:13     | Identified the ring "Ikhuygg" {rC+ rN++ Str-3 Int-3 SInv}
                  | (You found it on level 13 of the Dungeon)
 64071 | Vaults:4 | Reached XP level 22. HP: 125/125 MP: 47/47
 64975 | Depths:1 | Entered Level 1 of the Depths
 65028 | Depths:1 | Noticed the Enchantress
 65033 | Depths:1 | Killed the Enchantress
 65033 | Depths:1 | Reached skill level 10 in Evocations
 65348 | Depths:1 | Found a gateway to Hell.
 67216 | Depths:2 | Noticed a caustic shrike
 67222 | Depths:2 | Killed a caustic shrike
 67222 | Depths:2 | Reached XP level 23. HP: 114/131 MP: 48/48
 67686 | Depths:2 | Found a one-way gate leading to the halls of Pandemonium.
 67836 | Depths:2 | Found a gateway to a ziggurat.
 67870 | Depths:2 | Acquired 691 gold pieces
 69063 | Depths:3 | Acquired a book of the Earth
 69175 | Depths:3 | Identified the Catalogue of Darkness and Weightlessness
 69202 | Depths:3 | Learned a level 9 spell: Shatter
 69926 | Depths:4 | Found a one-way gate to the infinite horrors of the Abyss.
 70013 | Depths:4 | Found Caelad's Distillery.
 70093 | Depths:4 | Bought a potion of curing for 51 gold pieces
 70093 | Depths:4 | Bought a potion of invisibility for 136 gold pieces
 70093 | Depths:4 | Bought a potion of cancellation for 136 gold pieces
 70093 | Depths:4 | Bought a potion of resistance for 170 gold pieces
 70103 | Depths:4 | Noticed Xtahua
 70107 | Depths:4 | Killed Xtahua
 70380 | Depths:5 | Entered Level 5 of the Depths
 70538 | Depths:5 | Reached XP level 24. HP: 140/140 MP: 48/48
 72102 | Depths:5 | Found a gate to the Realm of Zot.
 72915 | Vaults:5 | Entered Level 5 of the Vaults
 74508 | Vaults:4 | Reached XP level 25. HP: 147/147 MP: 48/48
 75525 | Vaults:5 | Noticed an ancient lich
 75530 | Vaults:5 | Killed an ancient lich
 75973 | Vaults:5 | Got a silver rune of Zot
 76557 | Vaults:5 | Reached skill level 15 in Evocations
 76861 | Vaults:5 | Found Cynur's General Store.
 76867 | Vaults:5 | Bought a scroll of magic mapping for 66 gold pieces
 76901 | Vaults:5 | Found Ehybbeenk's Antique Weapon Shop.
 76901 | Vaults:5 | Found Weownoco's Antique Weapon Shoppe.
 76955 | Vaults:5 | Found Oczenuap's Jewellery Emporium.
 76962 | Vaults:5 | Found Liadd's Antique Armour Boutique.
 76963 | Vaults:5 | Found Tilec's Jewellery Boutique.
 76967 | Vaults:5 | Bought a brightly glowing robe for 239 gold pieces
 76968 | Vaults:5 | Identified the +1 robe of Death Resistance {MR+} (You
                  | bought it in a shop on level 5 of the Vaults)
 77250 | Vaults:5 | Identified the Incunabulum of Intoxication and the
                  | Volcanoes
 77503 | Vaults:5 | Bought a crystal dagger for 371 gold pieces
 77503 | Vaults:5 | Identified the +9 dagger of Cowardice {holy, rElec rPois
                  | rF+ rC-} (You bought it in a shop on level 5 of the Vaults)
 77790 | Zot:1    | Entered Level 1 of the Realm of Zot
 77790 | Zot:1    | Noticed an orb of fire
 77794 | Zot:1    | Gained mutation: Your body sometimes deteriorates upon
                  | taking damage. [an orb of fire]
 77813 | Depths:5 | Killed an orb of fire
 79034 | Zot:2    | Reached XP level 26. HP: 154/154 MP: 48/48
 79691 | Zot:1    | Acquired a book of Annihilations
 79716 | Zot:1    | Learned a level 9 spell: Absolute Zero
 80491 | Zot:2    | Acquired 936 gold pieces
 83342 | Zot:4    | Reached XP level 27. HP: 102/160 MP: 40/48
 84316 | Zot:5    | Entered Level 5 of the Realm of Zot
 85160 | Zot:5    | Found the ring of the Octopus King
 85187 | Zot:5    | Got a ring of the Octopus King
 85536 | Zot:5    | Identified a ring of the Octopus King {AC+1 EV+1 Str+1
                  | Int+1 Dex+1 SInv} (You found it on level 5 of the Realm of
                  | Zot)
 85827 | Zot:5    | Noticed an ancient lich
 85841 | Zot:5    | Killed an ancient lich
 86081 | Zot:5    | Noticed an ancient lich
 86086 | Zot:5    | Killed an ancient lich
 86125 | Zot:5    | Noticed an ancient lich
 86128 | Zot:5    | Noticed an orb of fire
 86131 | Zot:5    | Killed an ancient lich
 86315 | Zot:5    | Noticed an orb of fire
 86325 | Zot:5    | Killed an orb of fire
 86356 | Zot:5    | Gained mutation: You are frail. (-10% HP) [an orb of fire]
 86359 | Zot:5    | Killed an orb of fire
 86360 | Zot:5    | Noticed an ancient lich
 86363 | Zot:5    | Killed an ancient lich
 86585 | Zot:5    | Lost mutation: You are frail. (-10% HP) [potion of
                  | mutation]
 86585 | Zot:5    | Lost mutation: Your mind is very acute. (Int +4) [potion of
                  | mutation]
 86585 | Zot:5    | Lost mutation: Your mind is acute. (Int +2) [potion of
                  | mutation]
 86585 | Zot:5    | Gained mutation: You are resistant to electric shocks.
                  | (rElec) [potion of mutation]
 86585 | Zot:5    | Gained mutation: You heal very quickly. [potion of
                  | mutation]
 86585 | Zot:5    | Gained mutation: You have large cloven feet. [potion of
                  | mutation]
 86585 | Zot:5    | Gained mutation: You are somewhat resistant to further
                  | mutation. [potion of mutation]
 86998 | Zot:5    | Noticed an orb of fire
 87006 | Zot:5    | Killed an orb of fire
 87506 | Zot:5    | Noticed an ancient lich
 87511 | Zot:5    | Killed an ancient lich
 88377 | Zot:5    | Got the Orb of Zot
 88914 | D:$      | Escaped with the Orb!

Illustrated notes

Levels and vault maps discovered:
D:1:      saegor_arrival_simple_e, layout_loops_ring
D:2:      layout_loops_ring, uniq_jessica
D:3:      layout_loops_ring, regret_index_temple_of_mockery,
          chequers_ecumenical_altar_island, minmay_starry_boxes
D:4:      layout_basic, kennysheep_little_box, lightli_temple_of_fire,
          lemuel_doored_altar, minmay_quadrilaterals
D:5:      layout_gridville, gammafunk_temple_overflow_wave
D:6:      layout_basic, uniq_menkaure, uniq_edmund
D:7:      layout_loops_ring, nicolae_overflow_hidden_temple,
          minmay_temple_entry_slanted
D:8:      layout_basic, eat_drink_and_be_merry_uskayaw, uniq_harold
D:9:      layout_cave_pods
D:10:     layout_rooms, grunt_lair_entry_orc_guard_hut,
          minmay_orc_entry_temple_small, serial_shops, shop, shop,
          shop_fountains, nicolae_shop_temple_entry_statues_fountains, shop,
          uniq_erica
D:11:     layout_basic, serial_shops, nicolae_shop_waterfront,
          nemelex_altar_shiori, uniq_fannar, uniq_erolcha, uniq_snorg
D:12:     layout_basic, kennysheep_generic_room_11, uniq_psyche, uniq_frances
D:13:     layout_basic, maelrawn_ghost_gauntlet_escape, gauntlet_entry_generic,
          hangedman_devilish_allure, uniq_sonja
D:14:     layout_loops_corners, erik_vaults_1, basic_altar, serial_park_square3
          [serial_park_minivault_5x5_7], uniq_azrael
D:15:     grunt_enter_depths_hoard, layout_long_grid, enter_trove_1,
          yredelemnul_altar_generic, trog_ov_bears_minmay, uniq_agnes
Temple:   cyrus_circular_temple
Lair:1:   layout_small_grid, enter_volcano_4, special_room [special_room_bee],
          grunt_megastairs_1
Lair:2:   layout_cave_pods, swamp_mist, lemuel_fruit_tree, uniq_gastronok
Lair:3:   layout_long_grid, ice2_lemuel
Lair:4:   layout_long_grid, minmay_snake_entry_guardpost_large, minivault_26,
          grunt_megastairs_3
Lair:5:   layout_misc_corridors
Lair:6:   grunt_lair_end_beastmaster, layout_regular_city,
          dpeg_slime_entry_corner, portal_ice_cave_demonic_guard,
          minmay_hedge_maze
Swamp:1:  layout_basic_swamp, evilmike_swamp_ruin_house_6
Swamp:2:  layout_basic_swamp, nicolae_swamp_stair_fork
Swamp:3:  layout_falls_marsh, evilmike_swamp_ruin_house_2,
          infiniplex_staircase_pool
Swamp:4:  swamp_basic_johnstein, layout_basic_swamp
Snake:1:  layout_onion, dpeg_stationary_puzzle, minmay_shoptagon,
          grunt_megastairs_2
Snake:2:  layout_misc_corridors, uniq_aizul
Snake:3:  layout_onion, guppyfry_snake_island, uniq_nikola
Snake:4:  minmay_snake_end_coiled, layout_misc_corridors, basic_altar
Orc:1:    layout_diamond_mine, nicolae_orc_crystal_geode
Orc:2:    st_orc_mages, layout_diamond_mine, basic_altar, uniq_nessos
Elf:1:    eino_elf_arrival_the_gate, layout_geoelf_diagonals,
          minmay_elf_crystal_hexagon
Elf:2:    layout_geoelf_grid
Elf:3:    minmay_elf_hall_not_hex, layout_geoelf_diagonals, basic_altar
Vaults:1: hangedman_vaults_hat, hangedman_vaults_stretched_pinwheel,
          hangedman_vaults_pinch, v_misc_29, vaults_room_grunt_arrival_ludios,
          vaults_room_corners, vaults_mumra_hexcomb, vaults_room_semicircle,
          vaults_dpeg_ring, sword_in_stone, ontoclasm_vaults_misaligned,
          layout_vaults_ring, serial_shops, shop
Vaults:2: hangedman_vaults_snaps, vaults_mumra_hex,
          vaults_room_hangedman_quadrants, nicolae_vaults_circle_grid_b,
          v_misc_19, minmay_crypt_entry_simple_box, v_alt_pattern_1,
          layout_vaults_omnigrid
Vaults:3: gammafunk_sealed_library, v_rooms_5, vaults_standard_mumra_lines,
          ontoclasm_vaults_claustrophobia, v_misc_11, v_misc_11,
          hangedman_vaults_slither, vaults_dpeg_cross, hangedman_vaults_trim,
          nicolae_vaults_circle_grid_a, hangedman_vaults_impose,
          hangedman_vaults_impose, ontoclasm_vaults_twist,
          layout_vaults_omnibox, serial_shops, nicolae_shop_statue_plus,
          uniq_donald
Vaults:4: nicolae_vaults_diagonal_hallway_6, v_alt_pattern_2,
          grunt_vaults_twisty, ontoclasm_vaults_idyll,
          vaults_mumra_chevron_long, vaults_room_corners, v_pattern_5,
          vaults_room_door_hall, vaults_room_door_ring,
          nicolae_vaults_big_angled_halls, ontoclasm_vaults_gateway,
          ontoclasm_vaults_eye, layout_vaults_maze_snakey
Vaults:5: serial_shops
Depths:1: layout_big_octagon, hellmouth_1, kennysheep_path_1,
          hangedman_abyss_or_decor_jellyfish_corner, grunt_ministairs_8,
          serial_bayou_pond_e, nrook_mini_backslash, kennysheep_generic_room_9,
          uniq_enchantress
Depths:2: hourglass_vault, layout_cave_pools, enter_ziggurat_a,
          rand_demon_pan_entry_4, solitary_fountain, hell_entry,
          grunt_ministairs_4
Depths:3: minmay_inner_zag, layout_cave_pools, hell_entry, serial_bayou_pond_e,
          pan_entry, minislime_mu
Depths:4: minmay_polygon_palace, layout_twisted_cross, serial_shops,
          nicolae_shop_temple_entry_statues_fountains, pf_hell_entry_great_geh,
          abyss_entry, hangedman_abyss_or_decor_passed, uniq_xtahua
Depths:5: grunt_x_marks_the_spot, layout_cave_pools, abyss_entry,
          pf_hell_entry_tar_spiral, special_room [special_room_mythical_zoo]
Zot:1:    layout_gridlike
Zot:2:    layout_onion, grunt_ministairs_9
Zot:3:    layout_misc_corridors, nicolae_zot_crop_circle
Zot:4:    layout_basic
Zot:5:    layout_gridville

Skill      XL: |  1  2  3  4  5  6  7  8  9 10 11 12 13 14 15 16 17 18 19 20 21 22 23 24 25 26 27 |
---------------+----------------------------------------------------------------------------------+-----
Spellcasting   | 3 4 5 6 7 9 10 11 12 14 15 17 18 19 20 | 20.0
Fighting       | 1 2 3 4 5 6 7 8 9 10 12 13 14 15 16 17 19 20 21 22 | 22.0
Ice Magic      | 4 5 7 9 11 12 14 16 17 20 | 20.4
Summonings     | 1 3 7 9 10 11 | 11.0
Conjurations   | 1 2 3 4 5 6 7 9 10 11 | 11.0
Short Blades   | 4 5 |  5.0
Evocations     | 1 5 7 12 13 14 15 16 17 | 17.0
Earth Magic    | 5 7 10 15 18 20 21 22 | 22.0
Shields        | 4 7 8 |  8.0
Necromancy     | 4 |  4.0
Dodging        | 7 10 | 10.0
Stealth        | |  3.0

Action                   |  1- 3 |  4- 6 |  7- 9 | 10-12 | 13-15 | 16-18 | 19-21 | 22-24 | 25-27 || total
-------------------------+-------+-------+-------+-------+-------+-------+-------+-------+-------++-------
Melee: Dagger            |     3 |    12 |    29 |       |       |       |       |       |       ||    44
       Short sword       |       |     7 |    75 |       |       |       |       |       |       ||    82
       Rapier            |       |       |   119 |   110 |   338 |       |       |       |       ||   567
       Staff             |       |       |       |       |     1 |     7 |    13 |     1 |     4 ||    26
Throw: Boomerang         |     8 |     4 |     4 |    32 |    43 |     2 |       |       |       ||    93
       Dart              |       |       |       |       |     5 |    14 |     1 |       |     3 ||    23
 Cast: Freeze            |    26 |    88 |    70 |   183 |   320 |    20 |       |       |       ||   707
       Frozen Ramparts   |     1 |    12 |    40 |    65 |    91 |    11 |     1 |       |     1 ||   222
       Summon Ice Beast  |       |     1 |    23 |    61 |    62 |       |       |       |       ||   147
       Hailstorm         |       |       |    12 |    48 |   258 |    26 |       |       |       ||   344
       Iron Shot         |       |       |       |       |    85 |   399 |   431 |   234 |   364 ||  1513
       Borgnjor's Vile C |       |       |       |       |    11 |   254 |    59 |    74 |   102 ||   500
       Bolt of Magma     |       |       |       |       |       |     2 |       |       |       ||     2
       Ozocubu's Refrige |       |       |       |       |       |       |   156 |   209 |    66 ||   431
       Shatter           |       |       |       |       |       |       |       |       |    36 ||    36
Evoke: Wand              |       |       |       |    15 |    18 |     1 |     1 |     3 |     2 ||    40
       Condenser vane    |       |       |       |       |     3 |     2 |       |       |       ||     5
  Use: Scroll            |       |    12 |     7 |    14 |    18 |     6 |     6 |     6 |    21 ||    90
       Potion            |       |     2 |     4 |     4 |     9 |     4 |       |       |     8 ||    31
 Stab: Sleeping          |     1 |     1 |     2 |     1 |       |       |       |       |       ||     5
       Distracted        |       |     1 |     4 |     2 |     5 |       |       |       |       ||    12
       Paralysed         |       |       |       |     1 |     2 |       |       |       |       ||     3
       Petrified         |       |       |       |       |     4 |       |       |       |       ||     4
Armor: Robe              |     2 |    14 |    28 |       |    17 |    41 |    34 |    37 |    41 ||   214
       Steam dragon scal |       |       |    14 |    16 |       |       |       |       |       ||    30
       Troll leather arm |       |       |       |    37 |    71 |       |       |       |       ||   108
Dodge: Dodged            |    20 |    54 |   187 |   211 |   292 |   181 |   168 |   254 |   241 ||  1608
Block: Other             |       |    11 |    49 |    49 |     2 |    15 |       |       |       ||   126
       Reflection        |       |       |     2 |     4 |    19 |     8 |       |       |       ||    33
       Buckler           |       |       |       |     8 |   311 |       |       |       |       ||   319

Table legend: (Time is in decaauts)
 A = Elapsed time spent in this place.
 B = Non-inter-level travel time spent in this place.
 C = Inter-level travel time spent in this place.
 D = Time resting spent in this place.
 E = Time spent auto-exploring this place.
 F = Levels seen in this place.
 G = Mean time per level.
                   A        B        C        D        E       F      G
               +--------+--------+--------+--------+--------+-----+--------+
         Total |  75763 |  72051 |   3712 |  37511 |  21973 |  54 | 1403.0 |
       Dungeon |  18068 |  16615 |   1453 |   7750 |   6067 |  15 | 1204.5 |
        Temple |     36 |     32 |      4 |      0 |     30 |   1 |   36.0 |
          Lair |   7180 |   6790 |    390 |   2734 |   2368 |   6 | 1196.7 |
         Swamp |   4884 |   4769 |    115 |   2416 |   1568 |   4 | 1221.0 |
     Snake Pit |   5552 |   5447 |    105 |   3047 |   1459 |   4 | 1388.0 |
  Orcish Mines |   2944 |   2758 |    186 |   1554 |    716 |   2 | 1472.0 |
   Elven Halls |   8500 |   8304 |    196 |   5831 |   1468 |   3 | 2833.3 |
        Vaults |  10152 |   9657 |    495 |   5018 |   3097 |   5 | 2030.4 |
        Depths |   6957 |   6478 |    479 |   3478 |   1758 |   5 | 1391.4 |
           Zot |   8941 |   8656 |    285 |   4314 |   3298 |   5 | 1788.2 |
         Trove |     61 |     61 |      0 |      0 |      0 |   1 |   61.0 |
      Ice Cave |   1135 |   1135 |      0 |    580 |     20 |   1 | 1135.0 |
       Volcano |    646 |    646 |      0 |    350 |      0 |   1 |  646.0 |
      Gauntlet |    700 |    700 |      0 |    433 |    119 |   1 |  700.0 |
               +--------+--------+--------+--------+--------+-----+--------+

Top non-repeatable levels by time:
   Elf:3: 4255 daAuts
   Zot:5: 3140 daAuts
Vaults:4: 2977 daAuts
   Elf:2: 2818 daAuts
Vaults:5: 2330 daAuts
 Snake:4: 2316 daAuts
    D:11: 2024 daAuts
 Swamp:4: 1964 daAuts
   Zot:4: 1905 daAuts
   Orc:2: 1854 daAuts
    D:13: 1844 daAuts
Depths:5: 1754 daAuts
Vaults:3: 1708 daAuts
   Zot:1: 1671 daAuts
Vaults:2: 1647 daAuts
